Map: Dusty Gorge

Players

lllIIllIllIl

  • Race: Terran Terran
  • League: Bronze
  • Spawn Location: 3:00

GoodLuckHave

  • Race: Protoss Protoss
  • Spawn Location: 5:00

PureLegacy - Winner!

  • Race: Terran Terran
  • Spawn Location: 9:00

Brainiac - Winner!

  • Race: Zerg Zerg
  • Spawn Location: 11:00

VOD

Have the link to the VOD?

Description

Time

  • Played on: Nov. 22, 2018, 4:05 p.m.
  • Length: 4:44
Show
View Real Time Build Order
Export as new Build Order

lllIIllIllIl Terran 

Build Orders:  

Get SALT Encoding   

  12  0:00  SCV  
  13  0:12  SCV  
  14  0:18  Supply Depot  
  14  0:25  SCV  
  15  0:31  Refinery  
  15  0:40  SCV  
  16  0:46  Barracks  
  16  0:52  SCV  
  17  1:04  SCV  
  18  1:16  SCV  
  19  1:33  Orbital Command  
  19  1:34  Reaper  
  20  1:52  Factory  
  20  1:58  Refinery  
  20  2:05  Supply Depot  
  20  2:06  Supply Depot  
  20  2:09  Marine  
  20  2:11  Barracks  
  21  2:16  SCV  
  22  2:28  SCV  
  23  2:37  Factory Tech Lab  
  23  2:38  Marine  
  23  2:43  SCV  
  23  2:56  Marine, SCV  
  23  2:57  Siege Tank  
  28  3:03  Marine  
  28  3:14  Marine  
  29  3:21  Marine, Command Center  
  30  3:32  Marine  
  31  3:37  Siege Tank  
  31  3:38  SCV  
  31  3:39  Marine  
  36  3:50  Barracks  
  36  3:51  SCV  
  37  3:59  Marine  
  38  4:03  SCV  
  39  4:12  Supply Depot  
  39  4:13  Marine  
  39  4:17  Marine  
Show
View Real Time Build Order
Export as new Build Order

GoodLuckHave Protoss 

Build Orders: 1 Gate Expand 

Get SALT Encoding   

  12  0:01  Probe  
  13  0:13  Probe  
  14  0:20  Pylon  
  14  0:25  Probe  
  15  0:34  Probe  
  15  0:42  Gateway, Probe  
  16  0:48  Assimilator  
  17  0:53  Probe  
  18  1:05  Probe  
  19  1:17  Probe  
  20  1:27  Nexus  
  20  1:39  Cybernetics Core  
  20  1:40  Probe  
  21  1:51  Pylon  
  21  1:58  Gateway  
  21  2:06  Stalker  
  21  2:09  Pylon  
  21  2:10  Warp Gate  
  23  2:23  Pylon  
  23  2:28  Stalker  
  23  2:33  Gateway  
  25  2:45  Probe  
  26  2:53  Stalker  
  26  3:00  Zealot  
  28  3:19  Stalker  
  28  3:26  Probe x2  
  28  3:27  Stalker  
  34  3:28  Assimilator  
  34  3:38  Probe  
  35  3:42  Probe, Pylon  
  35  3:47  Stalker  
  38  3:49  Assimilator  
  38  3:50  Probe  
  39  4:01  Shield Battery  
  39  4:03  Pylon  
  39  4:06  Pylon  
  38  4:16  Zealot  
  33  4:17  Zealot  
  25  4:31  Zealot  
Show
View Real Time Build Order
Export as new Build Order

PureLegacy Terran - Winner!

Build Orders:  

Get SALT Encoding   

  12  0:01  SCV  
  13  0:13  SCV  
  14  0:19  Supply Depot  
  14  0:26  SCV  
  15  0:31  Refinery  
  15  0:41  SCV  
  16  0:48  Barracks  
  16  0:54  SCV  
  17  1:05  Barracks  
  17  1:19  Barracks  
  17  1:21  SCV  
  18  1:36  Reaper  
  19  1:43  Orbital Command  
  19  1:48  Refinery  
  19  1:53  Reaper  
  20  2:06  Supply Depot  
  20  2:07  Reaper  
  21  2:11  Reaper  
  22  2:18  SCV  
  23  2:28  Reaper  
  24  2:37  Supply Depot  
  24  2:39  Reaper, SCV  
  26  2:51  SCV  
  26  2:53  Reaper  
  28  3:02  Reaper  
  28  3:04  SCV  
  30  3:12  Reaper  
  30  3:16  SCV  
  31  3:22  Command Center  
  31  3:28  Reaper  
  32  3:37  Reaper  
  32  3:38  SCV  
  32  3:40  Supply Depot  
  34  3:53  Reaper  
  34  3:54  SCV  
  36  3:59  Barracks  
  36  4:00  Barracks  
  36  4:03  Reaper  
  38  4:28  SCV  
Show
View Real Time Build Order
Export as new Build Order

Brainiac Zerg - Winner!

Build Orders: Hatch First, Zergling Baneling 

Get SALT Encoding   

  12  0:01  Drone  
  13  0:12  Overlord  
  13  0:18  Drone  
  14  0:31  Drone x2  
  14  0:35  Drone  
  17  0:55  Hatchery  
  17  0:56  Drone  
  17  1:00  Drone  
  17  1:02  Extractor  
  17  1:07  Drone  
  18  1:19  Spawning Pool  
  18  1:22  Drone  
  18  1:28  Drone  
  19  1:39  Drone  
  20  1:50  Overlord  
  20  2:09  Queen x2  
  20  2:11  Zergling x4  
  20  2:13  Metabolic Boost  
  26  2:19  Zergling x2  
  26  2:20  Zergling x2  
  28  2:32  Overlord  
  28  2:34  Zergling x4  
  30  2:39  Baneling Nest  
  29  2:59  Overlord  
  29  3:00  Drone x2  
  29  3:03  Overlord  
  29  3:05  Zergling x4  
  33  3:18  Zergling x4  
  35  3:29  Zergling x10  
  40  3:44  Baneling x6  
  40  3:45  Baneling x2  
  40  3:52  Zergling x4  
  40  3:53  Zergling x4  
Tags
 
Add a new tag
Caveats
  • Supply blocks, unpowered buildings, or Contaminate may cause inaccurate times.
  • Supply counts are checked every 10 seconds.